 Dungeon Crawl Stone Soup version bcrawl-1.19.1 (webtiles) character file.

Game seed: 9988233237261083767

121 Revguard the Charmwright (level 4, 0/51 HPs)
             Began as a Demonspawn Skald on Nov 29, 2019.
             Succumbed to a water moccasin's poison
             ... on level 3 of the Dungeon.
             The game lasted 00:04:45 (1937 turns).

Revguard the Charmwright (Demonspawn Skald)         Turns: 1937, Time: 00:04:45

Health: 0/51       AC: 22    Str: 12    XL:     4   Next: 76%
Magic:  1/7        EV:  2    Int: 14    God:
Gold:   287        SH:  0    Dex: 13    Spells: 1/7 levels left

rFire    . . .     SeeInvis .   a - +0 hand axe
rCold    . . .     Gourm    .   (no shield)
rNeg     + + +     Faith    .   (armour currently unavailable)
rPois    +         Spirit   .   (helmet currently unavailable)
rElec    .         Reflect  .   (cloak currently unavailable)
rCorr    .         Harm     .   (gloves currently unavailable)
MR       .....     NoTele   +   (boots currently unavailable)
Stlth    +.........             (no amulet)
HPRegen  0.17/turn              (no ring)
MPRegen  0.10/turn              (no ring)

@: lethally poisoned (0 -> -1), tree-form (expiring), very slightly contaminated
A: powered by death 1
a: no special abilities


You were on level 3 of the Dungeon.
You were hungry.
You were a tree.
You visited 1 branch of the dungeon, and saw 3 of its levels.

You collected 287 gold pieces.

Inventory:

Hand Weapons
 a - a +0 hand axe (weapon)
Armour
 b - a +0 leather armour (melded)
 l - a +0 pair of boots (melded)
Scrolls
 e - 7 scrolls of identify {unknown}
 h - a scroll of teleportation {unknown}
 j - a scroll of remove curse {unknown}
 k - a scroll of fog {unknown}
 n - a scroll of magic mapping {unknown}
 p - 3 scrolls of amnesia {unknown}
 q - a scroll of enchant weapon {unknown}
Comestibles
 f - 7 rations {!d}
 g - 4 chunks of flesh


   Skills:
 + Level 2.3 Fighting
 + Level 2.8 Axes
 + Level 1.7 Armour
 + Level 2.0 Dodging
 + Level 2.2 Spellcasting
 + Level 3.3 Charms
 * Level 1.5 Necromancy


You had one spell level left.
You knew the following spells:

 Your Spells              Type           Power        Failure   Level  Hunger
a - Infusion              Chrm           ##......     6%          1    #......
b - Song of Slaying       Chrm           ##......     9%          2    ###....
c - Regeneration          Chrm/Necr      #.........   26%         3    ###....

Your spell library contained the following spells:

 Spells                   Type           Power        Failure   Level  Hunger
 Ozocubu's Armour         Chrm/Ice       #.......     34%         3    ###....
 Spectral Weapon          Hex/Chrm       #.......     34%         3    ###....


Dungeon Overview and Level Annotations

Branches:
Dungeon (3/12)

Altars:
Xom
Zin


Innate Abilities, Weirdness & Mutations

((You have a pair of small horns on your head.))
You regenerate a little health from kills.


Message History

The water moccasin is moderately wounded.
The water moccasin bites you but does no damage.
You hit the water moccasin but do no damage.
The water moccasin is lightly wounded.
The water moccasin bites you.
* * * LOW HITPOINT WARNING * * *
The water moccasin bites you.
* * * LOW HITPOINT WARNING * * *
You closely miss the water moccasin.
The water moccasin is lightly wounded.
* * * LOW HITPOINT WARNING * * *
You feel sick.
The water moccasin bites you but does no damage. x2
As you read the scroll of fear, it crumbles to dust.
You assume a fearsome visage.
The water moccasin looks frightened!
Your transformation is almost over.
* * * LOW HITPOINT WARNING * * *
You feel sick.
Unknown command.
You die...

#.P.P.P# #.P...P# ###
########.P...P##
..#########....#.......P.#
..'.)).............PPP.P.<..≈≈
..#.####.##.##.#.####.#.###(≈≈
..#.# #.##.##.#.# #.#.# .≈
###.# #.##.##.#†# #.#.# ≈
###.####.##.##.#♣# #.#?#
............##.#.# #.#g#
###.####.......#.# #.#.. # #.#
#########.# ###.####### ..#
........... ..# ###.###### #.#
###.# #.. ..#'##


There were no monsters in sight!

Vanquished Creatures
  A worker ant (D:3)
  A gnoll (D:3)
  An adder (D:2)
  2 oozes
  3 dart slugs
  3 leopard geckos
  5 orcs (D:3)
  2 bats
  3 giant cockroaches
  13 hobgoblins
  3 jackals (D:2)
  4 kobolds
  A quokka (D:1)
  5 frilled lizards
  7 rats
  A toadstool (D:3)
55 creatures vanquished.

Vanquished Creatures (others)
  3 toadstools (D:3)
3 creatures vanquished.

Grand Total: 58 creatures vanquished

Notes
Turn   | Place    | Note
-------+----------+-------------------------------------------
     0 | D:1      | Revguard the Demonspawn Skald began the quest for the Orb.
     0 | D:1      | Reached XP level 1. HP: 16/16 MP: 3/3
   177 | D:1      | Reached skill level 3 in Charms
   177 | D:1      | Gained mutation: You regenerate a little health from kills.
                  | [demonic ancestry]
   177 | D:1      | Reached XP level 2. HP: 15/22 MP: 5/5
   181 | D:1      | Reached skill level 1 in Armour
   198 | D:1      | Learned a level 2 spell: Song of Slaying
   488 | D:1      | Gained mutation: You have a pair of small horns on your
                  | head. [demonic ancestry]
   488 | D:1      | Reached XP level 3. HP: 20/27 MP: 6/6
   642 | D:2      | Learned a level 3 spell: Regeneration
   793 | D:2      | Found a glowing silver altar of Zin.
   795 | D:2      | Noticed an angel
   799 | D:2      | Found a shimmering altar of Xom.
   857 | D:2      | Reached skill level 1 in Necromancy
  1220 | D:2      | Reached XP level 4. HP: 33/33 MP: 7/7
  1883 | D:3      | Noticed a water moccasin
  1928 | D:3      | HP: 2/51 [water moccasin (5)]
  1933 | D:3      | HP: 1/51 [poisoned by a water moccasin]
  1937 | D:3      | Succumbed to a water moccasin's poison

Skill      XL: |  1  2  3  4 |
---------------+-------------+-----
Charms         | 3 |  3.3
Armour         | 1 |  1.7
Axes           | 2 |  2.8
Necromancy     | 1 |  1.5
Dodging        | 2 |  2.0
Fighting       | |  2.3
Spellcasting   | |  2.2

Action                   |  1- 3 |  4- 6 || total
-------------------------+-------+-------++-------
Melee: Hand axe          |   128 |    85 ||   213
       Headbutt          |     7 |    11 ||    18
 Cast: Infusion          |     1 |     1 ||     2
       Regeneration      |     1 |     2 ||     3
       Song of Slaying   |       |     3 ||     3
  Use: Potion            |       |     4 ||     4
       Scroll            |       |     1 ||     1
  Eat: Chunk             |     2 |     2 ||     4
Armor: Leather armour    |    42 |    16 ||    58
       Skin              |       |    16 ||    16
Dodge: Dodged            |    98 |    58 ||   156
